 Dungeon Crawl Stone Soup version 0.18-a0-1426-g3b9a63c (webtiles) character file.

23 M4edhros the Charlatan (level 2, -6/18 HPs)
             Began as an Octopode Artificer on Feb 28, 2016.
             Mangled by a scorpion (9 damage)
             ... on level 4 of the Dungeon.
             The game lasted 00:01:44 (457 turns).

M4edhros the Charlatan (Octopode Artificer)          Turns: 457, Time: 00:01:44

Health: -6/18      AC:  1    Str: 10    XL:     2   Next: 95%
Magic:  4/4        EV: 12    Int: 14    God:
Gold:   93         SH:  0    Dex: 12    Spells: 0 memorised, 1 level left

rFire  . . .     SeeInvis .       - Unarmed
rCold  . . .     Gourm    .     (no shield)
rNeg   . . .     Faith    .     (helmet restricted)
rPois  .         Spirit   .     (no amulet)
rElec  .         Dismiss  .     (no ring)
rCorr  .         Reflect  .     (no ring)
SustAt .         Harm     .     (no ring)
MR     .....                    (no ring)
Stlth  +++.......               (no ring)
                                (no ring)
                                (no ring)
                                (no ring)

@: not resistant to hostile enchantments, fairly stealthy
A: almost no armour, amphibious, 8 rings, constrict 8, camouflage 1, gelatinous
body 1
a: no special abilities


You were on level 4 of the Dungeon.
You were not hungry.

You visited 1 branch of the dungeon, and saw 4 of its levels.

You collected 93 gold pieces.

Inventory:

Wands
 b - a wand of flame (15/48)
 c - a wand of enslavement (13/24)
 d - a wand of random effects (14/48)
Scrolls
 a - a scroll of magic mapping {unknown}
 e - a scroll of enchant weapon {unknown}
 g - a scroll of enchant armour {unknown}
 k - a scroll of immolation {unknown}
 l - a scroll of identify {unknown}
Potions
 h - 2 potions of mutation {unknown}
 i - a potion of invisibility {unknown}
Comestibles
 f - 2 bread rations
 j - 3 fruits
 m - a royal jelly


   Skills:
 - Level 1.0 Fighting
   Level 1.0 Short Blades
 - Level 2.0 Dodging
 - Level 1.3 Stealth
 + Level 2.4 Unarmed Combat
 - Level 3.2 Evocations


You had one spell level left.
You didn't know any spells.

Dungeon Overview and Level Annotations

Branches:
Dungeon (3/15)

Altars:
Elyvilon
Kikubaaqudgha
Trog
Xom
Zin


Innate Abilities, Weirdness & Mutations

You cannot wear most types of armour.
You are amphibious.
You can wear up to eight rings at the same time.
You can use your tentacles to constrict eight enemies at once.
Your skin changes colour to match your surroundings (Stealth).
Your rubbery body absorbs attacks (AC +1).


Message History

Found a shimmering altar of Xom.
An orc comes into view. It is wielding a club.
An orc priest comes into view. It is wielding a dagger.
The orc priest shouts!
You open the door.
There is an open door here.
Evoke which item? (* to show all) (? for menu, Esc to quit)
Zapping:
c - a wand of enslavement (15/24)
Press: ? - help, Shift-Dir - straight line, f - scorpion
Aim: a scorpion (chance to defeat MR: 52%)
The scorpion resists with significant effort.
This wand has 14 charges left.
Evoke which item? (* to show all) (? for menu, Esc to quit)
Zapping:
c - a wand of enslavement (14/24)
Press: ? - help, Shift-Dir - straight line, f/p - scorpion
Aim: a scorpion (chance to defeat MR: 52%)
The scorpion resists with significant effort.
This wand has 13 charges left.
The scorpion stings you!
Ouch! That really hurt!
You die...

# ##. ##...#####
#.....@s.#
.......##o# .#....#
#.# ##..# ##o##
...# #.o.##
######### ####
#.#o#.## #........
#.##.##.######.####
#.# #o###.## #.#
#.# ... ##.## #.#


You could see a scorpion and an orc.

Vanquished Creatures
  An ooze (D:1)
  A dart slug (D:1)
  2 giant geckos (D:2)
  A giant cockroach (D:2)
  2 goblins
  A hobgoblin (D:1)
  2 kobolds
  A bat (D:1)
  A giant newt (D:1)
  2 rats (D:1)
14 creatures vanquished.

Notes
Turn   | Place    | Note
--------------------------------------------------------------
     0 | D:1      | M4edhros the Octopode Artificer began the quest for the Orb.
     0 | D:1      | Reached XP level 1. HP: 13/13 MP: 3/3
    44 | D:1      | Reached skill level 1 in Unarmed Combat
    69 | D:1      | Reached XP level 2. HP: 16/18 MP: 4/4
   307 | D:2      | Found a glowing silver altar of Zin.
   362 | D:3      | Found an ancient bone altar of Kikubaaqudgha.
   382 | D:3      | Found a shimmering altar of Xom.
   382 | D:3      | Found a bloodstained altar of Trog.
   385 | D:3      | Found a white marble altar of Elyvilon.
   425 | D:3      | You fall through a shaft!
   449 | D:4      | Found a shimmering altar of Xom.
   449 | D:4      | Noticed a scorpion
   457 | D:4      | Mangled by a scorpion

Vault maps used:
D:1:      lightli_arrival_isolated_outpost, minmay_misc_feat_columns
D:2:      zin_scriptorium, serial_bayou_pond_b, uniq_sigmund
D:3:      nicolae_overflow_hidden_temple, first_bread, hangedman_glass_teeth
D:4:      nicolae_ru_awakened_eye, gup_sewer_entry_glass, kennysheep_diamond,
          kennysheep_generic_room_8

Skill      XL: |  1  2 |
---------------+-------+-----
Unarmed Combat | 1 2 |  2.4
Fighting       | |  1.0
Short Blades   | |  1.0
Dodging        | |  2.0
Stealth        | |  1.3
Evocations     | |  3.2

Action                   || total
-------------------------++-------
Melee: Unarmed           ||    35
Evoke: Wand              ||     3
 Stab: Sleeping          ||     6
